 Dungeon Crawl Stone Soup version 0.21.1-1-g345015f (webtiles) character file.

100 Harpaggios the Ruffian (level 4, -3/35 HPs)
             Began as a Draconian Transmuter on Apr 5, 2018.
             Slain by buskinjo's ghost (4 damage)
             ... on level 3 of the Dungeon.
             The game lasted 00:13:10 (2106 turns).

Harpaggios the Ruffian (Draconian Transmuter)       Turns: 2106, Time: 00:13:11

Health: -3/35      AC:  5    Str: 12    XL:     4   Next: 47%
Magic:  1/7        EV: 14    Int: 15    God:
Gold:   74         SH:  0    Dex: 11    Spells: 4/7 levels left

rFire    . . .     SeeInvis .     - Unarmed
rCold    . . .     Gourm    .   (no shield)
rNeg     . . .     Faith    .   (armour unavailable)
rPois    .         Spirit   .   (helmet restricted)
rElec    .         Reflect  .   (no cloak)
rCorr    .         Harm     .   (no gloves)
MR       .....                  (boots currently unavailable)
Stlth    +.........             (no amulet)
HPRegen  0.11/turn              o - +2 ring of evasion
MPRegen  0.10/turn              (no ring)

@: appendage
A: unfitting armour, talons 3, cold-blooded, AC +5
a: End Transformation


You were on level 3 of the Dungeon.
You were hungry.
You had grown temporary talons.
You visited 1 branch of the dungeon, and saw 3 of its levels.

You collected 74 gold pieces.

Inventory:

Missiles
 a - 6 arrows
Jewellery
 o - a +2 ring of evasion (left hand)
Wands
 i - a wand of digging (13)
Scrolls
 d - a scroll of immolation
 e - a scroll of identify
 g - a scroll of enchant weapon
 h - a scroll of teleportation
 k - 2 scrolls of amnesia
Books
 b - a book of Changes

   Spells                             Type                      Level
   a - Beastly Appendage              Transmutation                1
   b - Sticks to Snakes               Transmutation                2
   c - Spider Form                    Transmutation/Poison         3
   d - Ice Form                       Ice/Transmutation            4
   e - Blade Hands                    Transmutation                5
Comestibles
 c - 6 rations


   Skills:
 - Level 1.1 Fighting
 + Level 2.6 Dodging
 + Level 3.6 Unarmed Combat
 - Level 2.0 Spellcasting
 * Level 3.6 Transmutations


You had 4 spell levels left.
You knew the following spells:

 Your Spells              Type           Power        Failure   Level  Hunger
a - Beastly Appendage     Tmut           ##....       4%          1    #......
b - Sticks to Snakes      Tmut           ##......     8%          2    ###....


Dungeon Overview and Level Annotations

Branches:
Dungeon (3/15)

Altars:
Ashenzari
Okawaru

Annotations:
D:3 buskinjo's ghost, amateur OgAE


Innate Abilities, Weirdness & Mutations

Your plain brown scales are hard. (AC +5)
You cannot fit into any form of body armour.
You are cold-blooded and may be slowed by cold attacks.
You have claws for feet.


Message History

Your ball python barely misses buskinjo's ghost.
Your ball python misses buskinjo's ghost.
Buskinjo's ghost barely misses you.
You barely miss buskinjo's ghost.
Buskinjo's ghost is heavily damaged.
Your ball python barely misses buskinjo's ghost.
Your ball python completely misses buskinjo's ghost.
Buskinjo's ghost completely misses you.
Your ball python misses buskinjo's ghost.
Your ball python closely misses buskinjo's ghost.
You barely miss buskinjo's ghost.
Buskinjo's ghost is heavily damaged.
Your ball python barely misses buskinjo's ghost.
Your ball python bites buskinjo's ghost but does no damage.
Buskinjo's ghost hits you!
* * * LOW HITPOINT WARNING * * *
Your ball python barely misses buskinjo's ghost.
Your ball python bites buskinjo's ghost.
Buskinjo's ghost hits you.
You die...

###.#.#.#.# #...##.#..#.........#
...###....###...##.#.....#####.##
##......#.##.....[............##
##.#.#...................##.#..##
..........##............###.#...#
.#.#.#..####..####.##.### #.#.##.
........####..####.##.#####.#...#
.###...........SS...........###.#
.# ####........W@..##.####### #..
># #####.#.######.# ### .# # #.#
##.## ##### .# #.#
##.#.######.... .# #.#
#.###.......### .# #.#
##.#.######## ..# ##.## ### ###


You could see buskinjo's ghost and 2 friendly ball pythons.

Vanquished Creatures
  An orc wizard (D:2)
  Terence (D:2)
  An ooze (D:2)
  A dart slug (D:2)
  A leopard gecko (D:2)
  An orc (D:2)
  5 bats (D:1)
  3 giant cockroaches
  A goblin (D:1)
  5 hobgoblins
  2 jackals (D:2)
  A ball python (D:1)
  2 frilled lizards (D:1)
  6 kobolds
  5 rats
36 creatures vanquished.

Vanquished Creatures (collateral kills)
  An adder (D:2)
  An orc (D:2)
2 creatures vanquished.

Grand Total: 38 creatures vanquished

Notes
Turn   | Place    | Note
-------+----------+-------------------------------------------
     0 | D:1      | Harpaggios the Draconian Transmuter began the quest for the Orb.
     0 | D:1      | Reached XP level 1. HP: 16/16 MP: 3/3
   321 | D:1      | Reached XP level 2. HP: 22/23 MP: 5/5
   841 | D:2      | Noticed Terence
   851 | D:2      | Killed Terence
   851 | D:2      | Reached XP level 3. HP: 22/28 MP: 4/6
  1082 | D:2      | Learned a level 2 spell: Sticks to Snakes
  1179 | D:2      | Found a shattered altar of Ashenzari.
  1399 | D:2      | Found an iron altar of Okawaru.
  1537 | D:2      | Reached XP level 4. HP: 30/35 MP: 7/7
  2088 | D:3      | Noticed buskinjo's ghost (amateur OgAE)
  2105 | D:3      | HP: 1/35 [buskinjo's ghost (7)]
  2106 | D:3      | Slain by buskinjo's ghost

Skill      XL: |  1  2 |
---------------+-------+-----
Dodging        | 2 |  2.6
Transmutations | 3 |  3.6
Fighting       | |  1.1
Unarmed Combat | |  3.6
Spellcasting   | |  2.0

Action                   |  1- 3 |  4- 6 || total
-------------------------+-------+-------++-------
Melee: Unarmed           |   161 |    26 ||   187
       Tailslap          |    29 |     2 ||    31
       Kick              |     6 |     5 ||    11
       Punch             |     1 |       ||     1
 Cast: Beastly Appendage |     5 |     2 ||     7
       Sticks to Snakes  |       |     6 ||     6
  Use: Scroll            |     9 |       ||     9
       Potion            |     2 |       ||     2
 Stab: Sleeping          |     4 |       ||     4
  Eat: Chunk             |     2 |     2 ||     4
Armor: Skin              |    20 |     8 ||    28
Dodge: Dodged            |    61 |    32 ||    93
